 Dungeon Crawl Stone Soup version 0.21-a0-404-g291f19a (webtiles) character file.

218 Slyspawn the Skirmisher (level 6, -6/49 HPs)
             Began as a Formicid Abyssal Knight on Oct 29, 2017.
             Was a Priest of Lugonu.
             Killed by divine providence
             ... invoked by an orc priest
              (12 damage)
             ... on level 4 of the Dungeon.
             The game lasted 00:09:48 (2914 turns).

Slyspawn the Skirmisher (Formicid Abyssal Knight)   Turns: 2914, Time: 00:09:49

Health: -6/49      AC: 11    Str: 17    XL:     6   Next: 17%
Magic:  3/7        EV:  7    Int: 11    God:    Lugonu [***...]
Gold:   124        SH:  0    Dex: 12    Spells: 5/5 levels left

rFire    . . .     SeeInvis +   a - +1 spear
rCold    . . .     Gourm    .   (no shield)
rNeg     . . .     Faith    .   k - +0 chain mail
rPois    .         Spirit   .   (helmet unavailable)
rElec    .         Reflect  .   (no cloak)
rCorr    .         Harm     .   (no gloves)
MR       .....                  l - +1 pair of boots
Stlth    ..........             (no amulet)
HPRegen  0.16/turn              (no ring)
MPRegen  0.10/turn              (no ring)

@: no status effects
A: permanent stasis, dig shafts and tunnels, four strong arms, antennae 3
a: Dig, Shaft Self, Depart the Abyss, Bend Space, Banish, Renounce Religion


You were on level 4 of the Dungeon.
You worshipped Lugonu.
Lugonu was most pleased with you.
You were not hungry.

You visited 1 branch of the dungeon, and saw 4 of its levels.
You visited the Abyss 1 time.

You collected 124 gold pieces.

Inventory:

Hand Weapons
 a - a +1 spear (weapon)
Armour
 b - a +0 leather armour
 k - a +0 chain mail (worn)
 l - a +1 pair of boots (worn)
Scrolls
 f - a scroll of fog {unknown}
 j - 5 scrolls of identify
 m - a scroll of remove curse
 q - a scroll of enchant armour {unknown}
Potions
 d - a potion of agility {unknown}
 e - a potion of degeneration {unknown}
 i - 2 potions of flight {unknown}
 n - a potion of berserk rage {unknown}
 o - a potion of curing {unknown}
 p - 2 potions of heal wounds {unknown}
 s - a potion of lignification {unknown}
Comestibles
 c - 4 bread rations
 g - 2 meat rations
 h - a royal jelly
 r - 5 chunks of flesh


   Skills:
 + Level 4.6 Fighting
 + Level 4.1 Polearms
 + Level 3.1 Armour
 + Level 1.5 Dodging
 + Level 0.4 Stealth
 + Level 2.6 Invocations


You had 5 spell levels left.
You didn't know any spells.

Dungeon Overview and Level Annotations

Branches:
Dungeon (4/15)             Temple (0/1) D:4

Altars:
Makhleb
Okawaru
Ru
Xom


Innate Abilities, Weirdness & Mutations

You cannot be hasted, slowed, berserked, paralysed or teleported.
You can dig through walls and to a lower floor.
Your four strong arms can wield two-handed weapons with a shield.
You have a pair of large antennae on your head. (SInv)


Message History

Pain shoots through your body!
* * * LOW HITPOINT WARNING * * *
You puncture the orc priest!
You kill the orc priest!
Lugonu accepts your kill.
Your Polearms skill increases to level 4!
You have reached level 6!
Your experience leads to an increase in your attributes!
Increase (S)trength, (I)ntelligence, or (D)exterity?
You feel agile.
Press: ? - help, Shift-Dir - straight line, f - orc priest
Aim: an orc priest, wielding a whip (chance to defeat MR: 81%)
The orc is devoured by a tear in reality.
Lugonu claims a new guest.
You feel somewhat more hungry.
The orc priest mumbles some strange prayers to Beogh against you.
You struggle to resist.
The orc priest invokes the aid of Beogh against you.
Beogh smites you!
You die...

+....................
#....................
{
#....................
#....................
#....#####.#####.....
#....# #.# #.....
#.#### #.## #....#
######.##.# '##
#....#
#........@####⌠.⌠#
#..........§.o.>.+
#.........####⌠.⌠#
#.........# ###
#.........# #
#...........
#.............
##.....###..###
...... #.>#


You could see an orc priest.

Vanquished Creatures
  An orc priest (D:4)
  2 hounds (D:4)
  An iguana (D:2)
  2 adders
  2 oozes
  2 worms
  2 dart slugs
  4 orcs
  3 ball pythons
  11 bats
  4 giant cockroaches
  7 goblins
  5 hobgoblins
  2 jackals (D:3)
  3 frilled lizards
  8 kobolds
  9 rats
68 creatures vanquished.

Vanquished Creatures (others)
  An orc (D:4)
1 creature vanquished.

Grand Total: 69 creatures vanquished

Notes
Turn   | Place    | Note
-------+----------+-------------------------------------------
     0 | Abyss:1  | Slyspawn the Formicid Abyssal Knight began the quest for the Orb.
     0 | Abyss:1  | Reached XP level 1. HP: 18/18 MP: 2/2
    20 | D:1      | Escaped the Abyss
   222 | D:1      | Reached XP level 2. HP: 23/24 MP: 3/3
   257 | D:1      | Reached skill level 1 in Dodging
   364 | D:1      | Reached XP level 3. HP: 24/30 MP: 4/4
   742 | D:1      | Reached ** piety under Lugonu
  1207 | D:2      | Reached XP level 4. HP: 28/37 MP: 5/5
  1257 | D:2      | Found an iron altar of Okawaru.
  1930 | D:3      | Found a shimmering altar of Xom.
  2062 | D:3      | Reached XP level 5. HP: 28/43 MP: 6/6
  2331 | D:3      | Found a burning altar of Makhleb.
  2371 | D:3      | Reached *** piety under Lugonu
  2729 | D:3      | Found a sacrificial altar of Ru.
  2891 | D:4      | Found a staircase to the Ecumenical Temple.
  2912 | D:4      | Reached XP level 6. HP: 6/49 MP: 7/7
  2914 | D:4      | Killed from afar by an orc priest

Vault maps used:
D:1:      eino_arrival_cavern_a, nrook_mini_backslash, minmay_misc_feat_x
D:2:      lemuel_crystal_altar
D:3:      lemuel_round_altar, nicolae_overflow_crystal_walls, first_bread,
          xom_teletrap_fun
D:4:      tgw_sif, temple_doors_cd, kennysheep_small_square, uniq_blork_the_orc,
          uniq_pikel, uniq_edmund

Skill      XL: |  1  2  3  4  5 |
---------------+----------------+-----
Dodging        | 1 |  1.5
Fighting       | 4 |  4.6
Polearms       | 3 4 |  4.1
Armour         | 3 |  3.1
Stealth        | |  0.4
Invocations    | |  2.6

Action                   |  1- 3 |  4- 6 || total
-------------------------+-------+-------++-------
Melee: Spear             |   128 |   157 ||   285
Invok: Banish            |       |     1 ||     1
  Use: Scroll            |       |     3 ||     3
 Stab: Sleeping          |     1 |     1 ||     2
  Eat: Chunk             |     1 |     6 ||     7
Armor: Leather armour    |    18 |    12 ||    30
       Chain mail        |       |    51 ||    51
Dodge: Dodged            |    72 |    44 ||   116

Table legend:
 A = Spawn XP
 B = Non-spawn XP
 C = Spawn XP percentage of total XP
 D = Spawn monster count
 E = Non-spawn monster count
 F = Spawn count percentage of total count
 G = Total turns spent on level
                    A         B        C        D         E        F      G
               +---------+---------+-------+---------+---------+-------+---------
         Total |       0 |     312 |   0.0 |       0 |      69 |   0.0 |  2914
               +---------+---------+-------+---------+---------+-------+---------
           D:1 |       0 |      47 |   0.0 |       0 |      25 |   0.0 |  1071
           D:2 |       0 |      72 |   0.0 |       0 |      17 |   0.0 |   781
           D:3 |       0 |      55 |   0.0 |       0 |      21 |   0.0 |   928
           D:4 |       0 |     138 |   0.0 |       0 |       6 |   0.0 |   114
               +---------+---------+-------+---------+---------+-------+---------
